 Dungeon Crawl Stone Soup version 0.20.1-1-g8b1a95d66d (webtiles) character file.

459 JayJay1191 the Digger (level 7, 0/36 HPs)
             Began as a Gargoyle Earth Elementalist on Dec 5, 2017.
             Killed from afar by an orc wizard (3 damage)
             ... with a magic dart
             ... on level 4 of the Dungeon.
             The game lasted 00:33:51 (2687 turns).

JayJay1191 the Digger (Gargoyle Earth Elementalist) Turns: 2687, Time: 00:33:51

Health: 0/36       AC:  6    Str: 11    XL:     7   Next: 6%
Magic:  4/13       EV: 12    Int: 18    God:
Gold:   186        SH:  0    Dex: 10    Spells: 11/15 levels left

rFire    . . .     SeeInvis .   y - +1 hand axe (elec)
rCold    . . .     Gourm    .   (no shield)
rNeg     + . .     Faith    .   c - +0 robe
rPois    ∞         Spirit   .   (no helmet)
rElec    +         Reflect  .   (no cloak)
rCorr    .         Harm     .   (no gloves)
MR       .....                  (no boots)
Stlth    ++........             (no amulet)
Regen    0.2/turn               (no ring)
MPRegen  0.2/turn               (no ring)

@: no status effects
A: negative energy resistance 1, electricity resistance, unbreathing,
petrification resistance, rot immunity, AC +4
a: no special abilities


You were on level 4 of the Dungeon.
You were not hungry.

You visited 1 branch of the dungeon, and saw 4 of its levels.

You collected 186 gold pieces.

Inventory:

Hand Weapons
 h - a +0 short sword
 y - a +1 hand axe of electrocution (weapon)
 F - a +3 scythe of protection
Missiles
 b - 60 stones (quivered)
Armour
 c - a +0 robe (worn)
 n - a cursed +0 leather armour
 p - a +0 robe
 G - a +0 robe
Jewellery
 f - a +3 ring of intelligence {unknown}
 v - a cursed ring of loudness {unknown}
Wands
 r - a wand of iceblast (6/15)
 H - a wand of flame (30/48)
Scrolls
 a - 2 scrolls of blinking {unknown}
 g - 2 scrolls of immolation {unknown}
 i - 3 scrolls of identify {unknown}
 l - a scroll of remove curse {unknown}
 q - a scroll of amnesia {unknown}
 w - a scroll of fear {unknown}
Potions
 j - 2 potions of mutation {unknown}
 k - 4 potions of curing {unknown}
 m - 2 potions of resistance {unknown}
 o - a potion of might {unknown}
 s - a potion of ambrosia {unknown}
 x - a potion of flight {unknown}
 A - 3 potions of heal wounds {unknown}
 C - 2 potions of haste {unknown}
 D - a potion of degeneration {unknown}
 E - a potion of lignification {unknown}
Books
 e - a book of Geomancy

   Spells                             Type                      Level
   a - Sandblast                      Earth                        1
   b - Passwall                       Transmutation/Earth          2
   c - Stone Arrow                    Conjuration/Earth            3
   d - Petrify                        Transmutation/Earth          4
   e - Lee's Rapid Deconstruction     Earth                        5
Comestibles
 d - 4 bread rations
 t - a royal jelly
 u - a meat ration
 z - 2 fruits
 B - a chunk of flesh


   Skills:
 + Level 0.0 Fighting
 + Level 0.0 Armour
 - Level 1.5 Dodging
 - Level 2.1 Stealth
 + Level 4.5 Spellcasting
 + Level 3.7 Conjurations
   Level 0.7 Transmutations
 + Level 6.1 Earth Magic
 + Level 0.0 Evocations


You had 11 spell levels left.
You knew the following spells:

 Your Spells              Type           Power        Failure   Level  Hunger
a - Sandblast             Erth           ####..       1%          1    None
b - Stone Arrow           Conj/Erth      ###...       5%          3    ###....


Dungeon Overview and Level Annotations

Branches:
Dungeon (4/15)
 Temple: D:4-7

Altars:
Fedhas

Shops:
D:4 =


Innate Abilities, Weirdness & Mutations

You are resistant to torment.
Your stone body is resilient. (AC +4)
You are immune to poison.
You resist negative energy. (rN+)
You are resistant to electric shocks. (rElec)
You can survive without breathing.
You are immune to petrification.
You are immune to rotting.


Message History

The orc wizard hits you with a dagger.
You hit the orc wizard but do no damage.
The orc wizard hits you but does no damage.
The orc wizard casts a spell at you. The magic dart hits you!
* * * LOW HITPOINT WARNING * * *
You closely miss the orc wizard. The orc wizard closely misses you.
The orc wizard hits you but does no damage.
The orc wizard casts a spell at you. The magic dart hits you!
* * * LOW HITPOINT WARNING * * *
The orc wizard casts a spell.
The orc wizard flickers and vanishes!
Deactivating autopickup; reactivate with Ctrl-A.
The orc wizard hits you but does no damage.
Your magical contamination has completely faded away.
The orc wizard barely misses you.
The orc wizard gestures at you while chanting.
The magic dart hits you!
You die...

#.# #.#.# #..# #.#
#...###...# #..# #.#
...>......# #..# #o#
###.###.#.# #..# #.# #.#.#
#..# #o# #.###.#.# #..# #.#
#.......####..##########.#
#####...........o....o...#
######...####.#@###########
##.>......# #.#.#
...#####..# #.#.# ####
#.......#.# #...#####.#
#...# ... #.... ..# .....
.## ##.###


You could see an orc wizard and an orc.

Vanquished Creatures
  Sigmund (D:4)
  An orc priest (D:3)
  A jelly (D:4)
  Jessica (D:2)
  A centaur skeleton (D:4)
  An orc wizard (D:4)
  A hound skeleton (D:4)
  7 adders
  A howler monkey skeleton (D:3)
  An adder skeleton (D:4)
  A worm (D:3)
  2 dart slugs
  2 leopard geckos (D:2)
  6 orcs
  2 giant cockroaches
  4 goblins
  5 hobgoblins
  11 jackals
  3 quokkas
  A ball python skeleton (D:4)
  4 bats
  3 frilled lizards
  8 kobolds
  A rat (D:1)
69 creatures vanquished.

Notes
Turn   | Place    | Note
-------+----------+-------------------------------------------
     0 | D:1      | JayJay1191 the Gargoyle Earth Elementalist began the quest for the Orb.
     0 | D:1      | Reached XP level 1. HP: 10/10 MP: 3/3
    78 | D:1      | Reached skill level 4 in Earth Magic
    78 | D:1      | Reached XP level 2. HP: 12/15 MP: 0/5
   720 | D:2      | Reached XP level 3. HP: 11/19 MP: 0/7
   832 | D:2      | Noticed Jessica
   849 | D:2      | Killed Jessica
   855 | D:2      | Learned a level 3 spell: Stone Arrow
   889 | D:2      | Reached XP level 4. HP: 19/24 MP: 5/8
  1124 | D:2      | Found a blossoming altar of Fedhas.
  1172 | D:2      | Reached skill level 1 in Conjurations
  1716 | D:3      | Reached XP level 5. HP: 28/28 MP: 7/10
  1737 | D:3      | Reached skill level 5 in Earth Magic
  2273 | D:4      | Found Niggah's Jewellery Emporium.
  2284 | D:4      | Reached XP level 6. HP: 32/32 MP: 2/11
  2398 | D:4      | Noticed Sigmund
  2403 | D:4      | Killed Sigmund
  2403 | D:4      | Reached skill level 6 in Earth Magic
  2545 | D:4      | Reached XP level 7. HP: 36/36 MP: 3/13
  2687 | D:4      | Killed from afar by an orc wizard

Skill      XL: |  1  2  3  4  5  6 |
---------------+-------------------+-----
Earth Magic    | 4 5 6 |  6.1
Spellcasting   | 3 4 |  4.5
Conjurations   | 1 2 3 |  3.7
Dodging        | |  1.5
Stealth        | |  2.1
Transmutations | |  0.7

Action                   |  1- 3 |  4- 6 |  7- 9 || total
-------------------------+-------+-------+-------++-------
Melee: Unarmed           |    10 |       |       ||    10
       Short sword       |    13 |    18 |       ||    31
       Hand axe          |       |       |     6 ||     6
 Cast: Sandblast         |    29 |    79 |     1 ||   109
       Stone Arrow       |       |     4 |     5 ||     9
  Eat: Chunk             |       |     5 |     1 ||     6
Armor: Robe              |    16 |    27 |     5 ||    48
Dodge: Dodged            |    33 |    34 |     5 ||    72
